 Dungeon Crawl Stone Soup version 0.23.1 (webtiles) character file.

Game seed: 0

183771 vishdafish the Blocker (level 18, -5/143 HPs)
             Began as a Gnoll Fighter on Mar 2, 2019.
             Was an Initiate of Gozag.
             Killed from afar by a ghostly deep elf death mage (17 damage)
             ... with a bolt of negative energy
             ... on level 3 of the Elven Halls.
             The game lasted 01:30:17 (41623 turns).

vishdafish the Blocker (Gnoll Fighter)             Turns: 41623, Time: 01:30:18

Health: -5/143     AC: 20    Str: 27    XL:     18   Next: 38%
Magic:  30/30      EV:  9    Int: 17    God:    Gozag
Gold:   4964       SH: 32    Dex: 15    Spells: 40/40 levels left

rFire    + . .     SeeInvis +   F - +6 war axe "Hellblazer" {chop, MR++ SInv}
rCold    + + .     Gourm    .   u - +10 large shield of Ignorance {rN+ Int-4}
rNeg     + . .     Faith    .   S - +2 chain mail {rC+}
rPois    .         Spirit   .   Q - +2 helmet
rElec    .         Reflect  +   N - scarf {rC+ rF+}
rCorr    .         Harm     .   H - +1 pair of gloves {archery}
MR       +++++                  (no boots)
Stlth    +.........             I - amulet "Meotuen" {Reflect MR+ Str+3 Int+6 SH+4}
HPRegen  0.33/turn              o - ring of protection from magic
MPRegen  0.22/turn              p - ring of protection from magic

@: gold aura, very heavily drained
A: distributed training, fangs 1, thin metallic scales 1, see invisible, clever
1, low mp 1, wild magic 1, strong nose
a: Potion Petition, Call Merchant, Bribe Branch, Renounce Religion


You were on level 3 of the Elven Halls.
You worshipped Gozag.
Gozag was most pleased with you.
You were not hungry.

You visited 5 branches of the dungeon, and saw 27 of its levels.
You also visited: Bailey, Gauntlet and Volcano.

You collected 10111 gold pieces.
You spent 3505 gold pieces at shops.
You paid 1642 gold pieces to Gozag.

Inventory:

Hand Weapons
 a - a +3 arbalest
 F - the +6 war axe "Hellblazer" (weapon) {chop, MR++ SInv}
   (You found it on level 12 of the Dungeon)

   It inflicts extra damage upon your enemies.
   It affects your resistance to hostile enchantments.
   It lets you see invisible.
Missiles
 C - 231 bolts
 J - 10 javelins of returning (quivered)
Armour
 u - the +10 large shield of Ignorance (worn) {rN+ Int-4}
   (You bought it in a shop on level 2 of the Orcish Mines)

   It affects your intelligence (-4).
   It protects you from negative energy.
 H - a +1 pair of gloves of archery (worn)
 N - a scarf of resistance (worn)
 Q - a +2 helmet (worn)
 S - a +2 chain mail of cold resistance (worn)
Jewellery
 h - an uncursed amulet of regeneration
 j - the amulet of the Four Winds {rN+ MR+++ Clar}
   (You took it off a deep elf archer on level 3 of the Elven Halls)

   [amulet of nothing]

   It protects you from negative energy.
   It affects your resistance to hostile enchantments.
   It protects you against confusion.
 o - a ring of protection from magic (left hand)
 p - a ring of protection from magic (right hand)
 I - the amulet "Meotuen" (around neck) {Reflect MR+ Str+3 Int+6 SH+4}
   (You bought it in a shop on level 3 of the Lair of Beasts)

   [amulet of reflection]

   It shields you and reflects attacks.
   It affects your strength (+3).
   It affects your intelligence (+6).
   It affects your resistance to hostile enchantments.
   It affects your SH (+4).
 P - an uncursed ring of resist corrosion
Wands
 t - a wand of digging (22)
 z - a wand of disintegration (18)
 E - a wand of flame (21)
 X - a wand of iceblast (4)
 Z - a wand of scattershot (3)
Scrolls
 e - 2 scrolls of fear
 g - 11 scrolls of teleportation
 i - a scroll of summoning
 k - 8 scrolls of enchant weapon
 m - 6 scrolls of magic mapping
 r - 3 scrolls of immolation
 s - 10 scrolls of remove curse
 v - 5 scrolls of amnesia
 x - a scroll of torment
 y - 4 scrolls of enchant armour
 B - a scroll of holy word {unknown}
 D - 2 scrolls of vulnerability
 T - 4 scrolls of fog
 U - a scroll of silence {unknown}
 V - 2 scrolls of blinking {unknown}
 Y - 2 scrolls of brand weapon {unknown}
Potions
 b - 11 potions of curing
 d - 3 potions of might
 n - 5 potions of lignification
 q - 2 potions of cancellation
 w - 4 potions of agility
 A - 2 potions of brilliance
 G - 5 potions of berserk rage
 L - a potion of resistance
 M - 4 potions of haste
 O - 6 potions of mutation
 R - 2 potions of magic
 W - 3 potions of ambrosia
Miscellaneous
 c - a lamp of fire (inert)
 K - a phial of floods
Comestibles
 f - 6 rations


   Skills:
 + Level 13.3(8.3) Fighting
 + Level 11.9(7.1) Short Blades
 + Level 12.7(7.7) Long Blades
 + Level 11.9(7.1) Axes
 + Level 11.9(7.1) Maces & Flails
 + Level 11.9(7.1) Polearms
 + Level 11.9(7.1) Staves
 + Level 11.9(7.1) Slings
 + Level 11.9(7.1) Bows
 + Level 11.9(7.1) Crossbows
 + Level 11.9(7.1) Throwing
 + Level 13.3(8.3) Armour
 + Level 11.9(7.1) Dodging
 + Level 11.9(7.1) Stealth
 + Level 13.3(8.3) Shields
 + Level 11.9(7.1) Unarmed Combat
 + Level 11.9(7.1) Spellcasting
 + Level 10.2(5.6) Conjurations
 + Level 10.2(5.6) Hexes
 + Level 10.2(5.6) Charms
 + Level 10.2(5.6) Summonings
 + Level 10.2(5.6) Necromancy
 + Level 10.2(5.6) Translocations
 + Level 10.2(5.6) Transmutations
 + Level 10.2(5.6) Fire Magic
 + Level 10.2(5.6) Ice Magic
 + Level 10.2(5.6) Air Magic
 + Level 10.2(5.6) Earth Magic
 + Level 10.2(5.6) Poison Magic
 + Level 12.9(7.9) Invocations
 + Level 11.9(7.1) Evocations


You had 40 spell levels left.
You didn't know any spells.
Your spell library contained the following spells:

 Spells                   Type           Power        Failure   Level  Hunger
 Magic Dart               Conj           ####         52%         1    None
 Summon Butterflies       Summ           ####....     52%         1    None
 Searing Ray              Conj           ####..       67%         2    None
 Call Canine Familiar     Summ           ####....     87%         3    ##.....
 Dazzling Spray           Conj/Hex       ####..       87%         3    ##.....
 Cause Fear               Hex            ####......   99%         4    ####...
 Force Lance              Conj/Tloc      ####....     99%         4    ####...
 Fulminant Prism          Conj/Hex       ####......   99%         4    ####...
 Iskenderun's Mystic Bla  Conj           ####....     99%         4    ####...
 Summon Ice Beast         Ice/Summ       ####....     99%         4    ####...
 Silence                  Hex/Air        ####......   100%        5    #####..
 Summon Mana Viper        Hex/Summ       ####....     100%        5    #####..
 Yara's Violent Unravell  Hex/Tmut       ####......   100%        5    #####..
 Deflect Missiles         Chrm/Air       ####......   100%        6    #######
 Summon Hydra             Summ           ####......   100%        7    #######
 Discord                  Hex            ####......   100%        8    #######


Dungeon Overview and Level Annotations

Branches:
Dungeon (15/15)            Temple (1/1) D:4            Lair (6/6) D:9
  Swamp (0/4) Lair:4        Snake (0/4) Lair:3        Slime (0/5) Lair:5
    Orc (2/2) D:12            Elf (3/3) Orc:2        Vaults (0/5) D:14
 Depths (0/5) D:15

Altars:
Ashenzari
Cheibriados
Dithmenos
Elyvilon
Fedhas
Gozag
Hepliaklqana
Kikubaaqudgha
Makhleb
Nemelex Xobeh
Okawaru
Qazlal
Ru
Sif Muna
Trog
Uskayaw
Vehumet
Wu Jian
Xom
Yredelemnul
Zin
The Shining One
Beogh
Jiyva

Shops:
D:5 =   D:9 }   D:12 :   D:14 *   Orc:2 ![([:   Elf:2 %   Lair:3 !*

Annotations:
Lair:2 exclusion: 4 oklob plants
Lair:3 2 transporters, Ygruogg's ghost, journeyman NaAK
Elf:2 1 runed translucent door


Innate Abilities, Weirdness & Mutations

Your experience applies equally to all skills.
You have very sharp teeth.
Your uncanny sense of smell can sniff out nearby items.
You are partially covered in thin metallic scales. (AC +2)
You have supernaturally acute eyesight. (SInv)
Your mind is acute. (Int +2)
Your magical capacity is low. (-10% MP)
Your spells are a little harder to cast, but a little more powerful.


Message History

The ghostly deep elf death mage completely resists.
The bolt of negative energy hits you!! You partially resist.
You feel drained.
* * * LOW HITPOINT WARNING * * *
Unknown command.
You feel much better.
The lost soul is no longer distracted by gold.
The ghostly deep elf death mage is engulfed in blazing flames. x2
You block the ghostly deep elf death mage's attack.
The deep elf death mage is engulfed in blazing flames.
The ghostly deep elf death mage is engulfed in blazing flames.
The ghostly deep elf death mage casts a spell at you.
The bolt of negative energy hits you!! You partially resist.
You feel drained.
* * * LOW HITPOINT WARNING * * *
The deep elf death mage is engulfed in blazing flames.
The lost soul assumes the form of the deep elf death mage and becomes anchored to this world!
The ghostly deep elf death mage casts a spell at you.
The bolt of negative energy misses the ghostly deep elf death mage.
The bolt of negative energy hits you! You partially resist.
You feel drained.
You die...
Your body crumbles into a pile of gold.

...##.##...[)..############...##
...)...(.......'[(.......'.....#
....##.#(...ยง...##########....##
...##...(([()*e.# ##'#.##
..'#..[...).[.e##########..###
...(......#.###e#*...)..'#.#
........####.###e.......##.#
.####'...# ##.##[........#.# .#
##.).## ##.#@)**.....#+# ..#
#.....# ##............# ###
##..[## #............# ..# #...#
#......[.....### ..# ###'#
##<........#...# .## #.#
#(......[.#...# .## #.#
##'.=.....##..## #'## ###'###
##.#.......#...#
##.###.....###.#####'###)#.##


You could see 2 ghostly deep elf death magi and 3 lost souls.

Vanquished Creatures
  Nikola (Elf:1)
  Jorgrun (D:13)
  2 deep elf blademasters (Elf:2)
  A deep elf master archer (Elf:3)
  Gastronok (Orc:1)
  Frances (D:14)
  A fire giant (D:15)
  Louise (D:14)
  3 deep elf sorcerers (Elf:3)
  An ironheart preserver (D:13)
  An orc warlord (Orc:2)
  A deep elf elementalist (Elf:3)
  Azrael (Elf:1)
  4 deep elf demonologists (Elf:3)
  6 deep elf annihilators (Elf:3)
  3 dire elephants (Lair:6)
  3 deep elf death magi (Elf:3)
  The ghost of Lanoc the Pannier, a journeyman DDFi of Nemelex Xobeh (D:12)
  3 deep elf high priests
  Fannar (D:11)
  5 hydras
  Harold (D:11)
  Erolcha (D:13)
  An anaconda (Lair:6)
  2 centaur warriors (D:14)
  An anaconda (shapeshifter) (Gauntlet)
  A death knight (D:14)
  5 death yaks
  4 two-headed ogres
  4 tengu warriors
  An ogre mage (D:15)
  Sonja (D:11)
  19 deep elf knights
  An unseen horror (shapeshifter) (Elf:1)
  7 skeletal warriors (D:13)
  An unseen horror (D:15)
  2 lindwurms (Volcano)
  7 deep elf archers
  A phantasmal warrior (D:13)
  An ugly thing (D:12)
  A wolf spider zombie (D:13)
  9 orc knights
  59 deep elf magi
  An orc sorcerer (Orc:1)
  2 cyclopes
  10 elephants
  A centaur zombie (D:13)
  7 black mambas
  3 gargoyles
  4 rime drakes
  9 centaur skeletons
  4 molten gargoyles (Volcano)
  A torpor snail (Lair:3)
  13 spiny frogs
  An eye of devastation (shapeshifter) (Elf:1)
  2 komodo dragons
  2 efreet (Volcano)
  5 tengu conjurers
  A freezing wraith (D:14)
  3 trolls
  2 polar bears
  A tyrant leech (Lair:4)
  Grinder (D:6)
  11 dream sheep (Lair:6)
  9 hippogriffs
  13 slime creatures
  8 blink frogs (Lair:6)
  A raiju (Gauntlet)
  A meliai zombie (D:11)
  2 shadows (D:13)
  2 water elementals
  3 air elementals
  4 wyverns
  4 basilisks
  6 hungry ghosts
  2 wraiths (D:14)
  A fire bat (shapeshifter) (Gauntlet)
  A steam dragon (Lair:4)
  53 yaks
  7 fire elementals
  Menkaure (D:4)
  6 vampire mosquitoes
  7 wargs
  3 nagas (Lair:3)
  An acid dragon (D:15)
  5 hell hounds (Elf:1)
  2 swamp worms (Lair:4)
  13 water moccasins
  7 porcupines
  4 sky beasts
  Duvessa (D:7)
  2 floating eyes (D:9)
  A black bear (shapeshifter) (Elf:1)
  44 orc warriors
  2 black bears
  A hornet zombie (D:11)
  6 ice beasts
  4 phantoms
  An eye of draining (D:10)
  A necrophage (D:10)
  18 wolves
  22 ogres
  9 crocodiles
  8 centaurs
  5 big kobolds
  4 earth elementals
  13 bullfrogs
  Dowan (D:7)
  A wyvern skeleton (D:12)
  29 killer bees
  9 wights
  A vampire bat (Lair:6)
  3 howler monkeys
  3 crimson imps
  2 bullfrog zombies (D:11)
  9 hounds
  3 jellies
  25 orc wizards
  3 bullfrog skeletons
  31 orc priests
  Jessica (D:1)
  3 iguanas
  Natasha (thrice) (D:2)
  2 lightning spires (Gauntlet)
  12 worker ants
  Terence (D:2)
  A hound zombie (D:7)
  A hound skeleton (D:9)
  3 gnolls
  A howler monkey skeleton (D:6)
  19 adders
  6 shadow imps
  An ooze (D:7)
  2 adder zombies (D:6)
  3 worms (D:2)
  2 adder skeletons
  2 dart slugs
  8 leopard geckos
  101 orcs
  A ball python (D:3)
  13 bats
  6 giant cockroaches
  7 hobgoblins
  11 jackals
  24 kobolds
  7 quokkas
  5 frilled lizards
  10 goblins
  A jackal zombie (D:5)
  2 leopard gecko skeletons
  A quokka zombie (D:5)
  7 rats
  A fire vortex (Volcano)
  5 fungi
  4 plants
961 creatures vanquished.

Vanquished Creatures (collateral kills)
  Agnes (D:14)
  An orc warlord (Orc:1)
  2 catoblepae
  A dancing weapon (Elf:2)
  A deep elf mage (Elf:2)
6 creatures vanquished.

Vanquished Creatures (others)
  A deep elf master archer (Elf:3)
  A minotaur (Gauntlet)
  23 dancing weapons
  A deep elf knight (Elf:2)
  2 deep elf archers
  A cyclops (D:13)
  2 centaurs
  An orc (Elf:3)
  9 fungi
  6 plants
47 creatures vanquished.

Grand Total: 1014 creatures vanquished

Notes
Turn   | Place    | Note
-------+----------+-------------------------------------------
     0 | D:1      | vishdafish the Gnoll Fighter began the quest for the Orb.
     0 | D:1      | Reached XP level 1. HP: 23/23 MP: 1/1
    77 | D:1      | Reached XP level 2. HP: 28/29 MP: 2/2
   625 | D:1      | Reached XP level 3. HP: 35/35 MP: 3/3
   731 | D:2      | Noticed Natasha
   737 | D:2      | Killed Natasha
   737 | D:2      | Reached skill level 1 in Invocations
   802 | D:2      | Reached skill level 1 in Short Blades
   802 | D:2      | Reached skill level 1 in Axes
   802 | D:2      | Reached skill level 1 in Maces & Flails
   802 | D:2      | Reached skill level 1 in Polearms
   802 | D:2      | Reached skill level 1 in Staves
   802 | D:2      | Reached skill level 1 in Slings
   802 | D:2      | Reached skill level 1 in Bows
   802 | D:2      | Reached skill level 1 in Crossbows
   802 | D:2      | Reached skill level 1 in Throwing
   802 | D:2      | Reached skill level 1 in Dodging
   802 | D:2      | Reached skill level 1 in Stealth
   802 | D:2      | Reached skill level 1 in Unarmed Combat
   802 | D:2      | Reached skill level 1 in Spellcasting
   802 | D:2      | Reached skill level 1 in Evocations
   802 | D:2      | Reached XP level 4. HP: 37/41 MP: 5/5
  1034 | D:2      | Reached skill level 1 in Conjurations
  1034 | D:2      | Reached skill level 1 in Hexes
  1034 | D:2      | Reached skill level 1 in Charms
  1034 | D:2      | Reached skill level 1 in Summonings
  1034 | D:2      | Reached skill level 1 in Necromancy
  1034 | D:2      | Reached skill level 1 in Translocations
  1034 | D:2      | Reached skill level 1 in Transmutations
  1034 | D:2      | Reached skill level 1 in Fire Magic
  1034 | D:2      | Reached skill level 1 in Ice Magic
  1034 | D:2      | Reached skill level 1 in Air Magic
  1034 | D:2      | Reached skill level 1 in Earth Magic
  1034 | D:2      | Reached skill level 1 in Poison Magic
  1156 | D:2      | Noticed Terence
  1162 | D:2      | Reached XP level 5. HP: 35/47 MP: 6/6
  1181 | D:2      | Killed Terence
  1219 | D:2      | Noticed Natasha
  1241 | D:2      | Killed Natasha
  1481 | D:2      | Noticed Natasha
  1508 | D:2      | Killed Natasha
  1586 | D:2      | Noticed Jessica
  1603 | D:2      | HP: 2/47 [gnoll/+3 halberd (7)]
  1916 | D:1      | Reached XP level 6. HP: 25/53 MP: 8/8
  2083 | D:1      | Killed Jessica
  2307 | D:2      | Found a hazy altar of Hepliaklqana.
  3480 | D:4      | Found a staircase to the Ecumenical Temple.
  3489 | Temple   | Entered the Ecumenical Temple
  3652 | Temple   | Became a worshipper of Gozag Ym Sagoz the Greedy
  3695 | D:4      | Reached skill level 5 in Long Blades
  3771 | D:4      | Noticed Menkaure
  3778 | D:4      | Killed Menkaure
  3778 | D:4      | Reached XP level 7. HP: 60/60 MP: 10/10
  4472 | D:5      | Entered Level 5 of the Dungeon
  5026 | D:5      | Found Bafitt's Jewellery Shoppe.
  5115 | D:5      | Reached XP level 8. HP: 57/67 MP: 12/12
  5816 | D:6      | Noticed Grinder
  5833 | D:6      | Killed Grinder
  6124 | D:6      | Reached XP level 9. HP: 49/72 MP: 14/14
  7751 | D:7      | Found a shimmering altar of Xom.
  7751 | D:7      | Found a burning altar of Makhleb.
  7752 | D:7      | Found a stormy altar of Qazlal.
  8103 | D:7      | Noticed Duvessa
  8110 | D:7      | Noticed Dowan
  8796 | D:7      | Reached skill level 5 in Invocations
  9033 | D:7      | Killed Duvessa
  9043 | D:7      | Killed Dowan
  9271 | D:8      | Noticed a two-headed ogre
  9308 | D:8      | Reached XP level 10. HP: 76/80 MP: 17/17
 10001 | D:8      | Killed a two-headed ogre
 10001 | D:8      | Reached skill level 5 in Short Blades
 10001 | D:8      | Reached skill level 5 in Axes
 10001 | D:8      | Reached skill level 5 in Maces & Flails
 10001 | D:8      | Reached skill level 5 in Polearms
 10001 | D:8      | Reached skill level 5 in Staves
 10001 | D:8      | Reached skill level 5 in Slings
 10001 | D:8      | Reached skill level 5 in Bows
 10001 | D:8      | Reached skill level 5 in Crossbows
 10001 | D:8      | Reached skill level 5 in Throwing
 10001 | D:8      | Reached skill level 5 in Dodging
 10001 | D:8      | Reached skill level 5 in Stealth
 10001 | D:8      | Reached skill level 5 in Unarmed Combat
 10001 | D:8      | Reached skill level 5 in Spellcasting
 10001 | D:8      | Reached skill level 5 in Evocations
 10496 | D:8      | Found a basalt altar of Yredelemnul.
 10590 | D:8      | Found a white marble altar of Elyvilon.
 10854 | D:9      | Found a flagged portal.
 10861 | Bailey   | Entered a bailey
 10861 | Bailey   | Noticed an orc knight
 10864 | Bailey   | Noticed an orc knight
 10866 | Bailey   | Noticed an orc knight
 10873 | Bailey   | Killed an orc knight
 10876 | Bailey   | Killed an orc knight
 10876 | Bailey   | Reached XP level 11. HP: 17/87 MP: 19/19
 11234 | Bailey   | Noticed an orc knight
 11978 | Bailey   | Killed an orc knight
 11992 | Bailey   | Killed an orc knight
 12060 | Bailey   | Reached skill level 5 in Conjurations
 12060 | Bailey   | Reached skill level 5 in Hexes
 12060 | Bailey   | Reached skill level 5 in Charms
 12060 | Bailey   | Reached skill level 5 in Summonings
 12060 | Bailey   | Reached skill level 5 in Necromancy
 12060 | Bailey   | Reached skill level 5 in Translocations
 12060 | Bailey   | Reached skill level 5 in Transmutations
 12060 | Bailey   | Reached skill level 5 in Fire Magic
 12060 | Bailey   | Reached skill level 5 in Ice Magic
 12060 | Bailey   | Reached skill level 5 in Air Magic
 12060 | Bailey   | Reached skill level 5 in Earth Magic
 12060 | Bailey   | Reached skill level 5 in Poison Magic
 12276 | Bailey   | Noticed an orc knight
 12277 | Bailey   | Noticed an orc knight
 12290 | Bailey   | Killed an orc knight
 12290 | Bailey   | Killed an orc knight
 12866 | D:9      | Paralysed by a floating eye for 3 turns
 13299 | D:9      | Found a staircase to the Lair.
 13335 | D:9      | Found Cudumol's Gadget Shoppe.
 13461 | D:10     | Entered Level 10 of the Dungeon
 14349 | D:10     | Reached XP level 12. HP: 49/96 MP: 22/22
 14855 | D:11     | Noticed Sonja
 14869 | D:11     | Killed Sonja
 15034 | D:11     | Noticed Fannar
 15060 | D:11     | Killed Fannar
 15920 | D:11     | Noticed Harold
 15978 | D:11     | Killed Harold
 16270 | D:11     | Reached skill level 10 in Fighting
 16270 | D:11     | Reached skill level 10 in Armour
 16270 | D:11     | Reached skill level 10 in Shields
 16523 | D:12     | Got a polished war axe
 16524 | D:12     | Identified the +6 war axe "Hellblazer" {chop, MR++ SInv}
                  | (You found it on level 12 of the Dungeon)
 16701 | D:12     | Noticed a catoblepas
 16719 | D:12     | Killed a catoblepas
 16821 | Lair:1   | Entered Level 1 of the Lair of Beasts
 16984 | Lair:1   | Reached XP level 13. HP: 102/102 MP: 24/24
 17935 | Lair:2   | Found a dark tunnel.
 17946 | Volcano  | Entered a volcano
 19351 | Lair:2   | Found a shadowy altar of Dithmenos.
 20262 | Lair:3   | Found a transporter.
 20271 | Lair:3   | Found a staircase to the Snake Pit.
 20630 | Lair:3   | Identified the cursed +0 demon trident of the Dungeon
                  | {drain, rF- rC+ rN+ Stlth+}
 20997 | Lair:3   | Found a transporter.
 20998 | Lair:3   | Noticed Ygruogg's ghost (journeyman NaAK)
 21120 | Lair:3   | Found a bloodstained altar of Trog.
 21159 | Lair:3   | Bought a potion of curing for 36 gold pieces
 21159 | Lair:3   | Bought a potion of curing for 36 gold pieces
 21159 | Lair:3   | Bought a potion of curing for 36 gold pieces
 21159 | Lair:3   | Bought a potion of magic for 96 gold pieces
 21159 | Lair:3   | Bought a potion of heal wounds for 60 gold pieces
 21159 | Lair:3   | Bought 2 potions of agility for 96 gold pieces
 21159 | Lair:3   | Bought a potion of might for 48 gold pieces
 21159 | Lair:3   | Bought a potion of curing for 36 gold pieces
 21159 | Lair:3   | Bought 2 potions of mutation for 192 gold pieces
 21169 | Lair:3   | Bought a scroll of magic mapping for 94 gold pieces
 21169 | Lair:3   | Bought a heavily runed steel amulet for 135 gold pieces
 21169 | Lair:3   | Bought a wavering platinum amulet for 135 gold pieces
 21169 | Lair:3   | Bought a scroll of teleportation for 81 gold pieces
 21172 | Lair:3   | Identified the amulet "Meotuen" {Reflect MR+ Str+3 Int+6
                  | SH+4} (You bought it in a shop on level 3 of the Lair of
                  | Beasts)
 21177 | Lair:3   | Identified the amulet "Zuvoc" {Inacc rPois Stlth+} (You
                  | bought it in a shop on level 3 of the Lair of Beasts)
 21219 | Lair:4   | Reached XP level 14. HP: 83/110 MP: 26/26
 21517 | Lair:4   | Found a staircase to the Swamp.
 21778 | Lair:4   | Reached skill level 10 in Long Blades
 22405 | Lair:5   | Found a viscous altar of Jiyva.
 22440 | Lair:5   | Found a staircase to the Slime Pits.
 22998 | Lair:6   | Entered Level 6 of the Lair of Beasts
 23952 | Lair:6   | Reached skill level 10 in Invocations
 25183 | Lair:6   | Noticed a dire elephant
 25462 | Lair:6   | Killed a dire elephant
 25470 | Lair:6   | Noticed a dire elephant
 25470 | Lair:6   | Noticed a dire elephant
 25482 | Lair:6   | Killed a dire elephant
 25485 | Lair:6   | Killed a dire elephant
 26029 | D:10     | Reached XP level 15. HP: 113/118 MP: 28/28
 26084 | D:12     | Found a staircase to the Orcish Mines.
 26203 | D:12     | Found a basalt altar of Yredelemnul.
 26363 | D:12     | Found a runed translucent gate.
 26364 | D:12     | Found a runed translucent gate.
 26364 | D:12     | Identified the cursed +1 broad axe "Pynluck" {freeze, *Rage
                  | rC+++ rN+++ Str-4}
 26364 | D:12     | Identified the +3 plate armour of Incorporation {rElec rF+
                  | Dex+4}
 26364 | D:12     | Noticed Lanoc's ghost (journeyman DDFi)
 26374 | D:12     | Found a runed translucent gate.
 26597 | D:12     | Found Wuhuimp's Book Boutique.
 26843 | D:12     | Found a roughly hewn altar of Beogh.
 26880 | D:12     | Killed Lanoc's ghost
 27029 | Orc:1    | Entered Level 1 of the Orcish Mines
 27039 | Orc:1    | Noticed Gastronok
 27564 | Orc:1    | Killed Gastronok
 27764 | Orc:2    | Entered Level 2 of the Orcish Mines
 27892 | Orc:2    | Found Ottij's Armour Shop.
 27924 | Orc:2    | Noticed an orc warlord
 28034 | Orc:1    | Killed an orc warlord
 28313 | Orc:2    | Found a roughly hewn altar of Beogh.
 28408 | Orc:2    | Found a staircase to the Elven Halls.
 28676 | Orc:2    | Found a roughly hewn altar of Beogh.
 28713 | Orc:2    | Found a roughly hewn altar of Beogh.
 28723 | Orc:2    | Found Laguutauho's Distillery.
 28750 | Orc:2    | Bought a potion of curing for 51 gold pieces
 28750 | Orc:2    | Bought a potion of invisibility for 136 gold pieces
 28750 | Orc:2    | Bought 2 potions of curing for 102 gold pieces
 28750 | Orc:2    | Bought a potion of haste for 170 gold pieces
 28750 | Orc:2    | Bought a potion of heal wounds for 85 gold pieces
 28750 | Orc:2    | Bought a potion of heal wounds for 85 gold pieces
 28750 | Orc:2    | Bought a potion of haste for 170 gold pieces
 28750 | Orc:2    | Bought a potion of ambrosia for 136 gold pieces
 28948 | Orc:2    | Found a bloodstained altar of Trog.
 29090 | Orc:2    | Noticed an orc warlord
 29168 | Orc:2    | Killed an orc warlord
 29260 | Orc:2    | Found Owozyn's Antique Weapon Boutique.
 29264 | Orc:2    | Found a roughly hewn altar of Beogh.
 29264 | Orc:2    | Found Ovetuvefa's Antique Armour Shop.
 29278 | Orc:2    | Bought the +10 large shield of Ignorance {rN+ Int-4} for
                  | 1489 gold pieces
 29278 | Orc:2    | Found the +10 large shield of Ignorance {rN+ Int-4}
 29341 | Orc:2    | Found a roughly hewn altar of Beogh.
 29341 | Orc:2    | Found Foset's Book Shoppe.
 29460 | D:13     | Gained mutation: You have supernaturally acute eyesight.
                  | (SInv) [potion of mutation]
 29460 | D:13     | Gained mutation: Your spells are a little harder to cast,
                  | but a little more powerful. [potion of mutation]
 29460 | D:13     | Gained mutation: You are partially covered in thin metallic
                  | scales. (AC +2) [potion of mutation]
 29460 | D:13     | Gained mutation: Your mind is acute. (Int +2) [potion of
                  | mutation]
 29601 | D:13     | Noticed Erolcha
 29609 | D:13     | Killed Erolcha
 29617 | D:13     | Reached skill level 10 in Short Blades
 29617 | D:13     | Reached skill level 10 in Axes
 29617 | D:13     | Reached skill level 10 in Maces & Flails
 29617 | D:13     | Reached skill level 10 in Polearms
 29617 | D:13     | Reached skill level 10 in Staves
 29617 | D:13     | Reached skill level 10 in Slings
 29617 | D:13     | Reached skill level 10 in Bows
 29617 | D:13     | Reached skill level 10 in Crossbows
 29617 | D:13     | Reached skill level 10 in Throwing
 29617 | D:13     | Reached skill level 10 in Dodging
 29617 | D:13     | Reached skill level 10 in Stealth
 29617 | D:13     | Reached skill level 10 in Unarmed Combat
 29617 | D:13     | Reached skill level 10 in Spellcasting
 29617 | D:13     | Reached skill level 10 in Evocations
 29987 | D:13     | Noticed Jorgrun
 30006 | D:13     | Killed Jorgrun
 30747 | D:14     | Found a shimmering altar of Xom.
 30748 | D:14     | Found a shimmering altar of Xom.
 30748 | D:14     | Found a shimmering altar of Xom.
 30749 | D:14     | Found a shimmering altar of Xom.
 30750 | D:14     | Found a shimmering altar of Xom.
 30751 | D:14     | Found a shimmering altar of Xom.
 30751 | D:14     | Found a shimmering altar of Xom.
 30758 | D:14     | Found a shimmering altar of Xom.
 30826 | D:14     | Noticed Agnes
 30922 | D:14     | Killed Agnes
 31166 | D:14     | Noticed Frances
 31196 | D:13     | Reached XP level 16. HP: 67/127 MP: 30/30
 31605 | D:14     | Killed Frances
 31618 | D:14     | Found a gate to the Vaults.
 31620 | D:14     | Noticed Louise
 31680 | D:14     | Killed Louise
 32004 | D:14     | Found Veg Ajam's Mass Market.
 32132 | D:15     | Entered Level 15 of the Dungeon
 32148 | D:15     | Found a staircase to the Depths.
 32166 | D:15     | Found a gate leading to a gauntlet.
 32175 | Gauntlet | Entered a Gauntlet
 32175 | Gauntlet | Found a transporter.
 32175 | Gauntlet | Found a transporter.
 32191 | Gauntlet | Found a transporter.
 32197 | Gauntlet | Found a transporter.
 32209 | Gauntlet | Found a transporter.
 32211 | Gauntlet | Found a transporter.
 32221 | Gauntlet | Found a transporter.
 32243 | Gauntlet | Found a transporter.
 32263 | Gauntlet | Found a transporter.
 32266 | Gauntlet | Found a transporter.
 32277 | Gauntlet | Found a transporter.
 32281 | Gauntlet | Found a transporter.
 32811 | Gauntlet | Got a distressingly furry hat
 32822 | Gauntlet | Identified the +0 hat of Baldness {MP+9 Dex+2 SInv} (You
                  | found it in a Gauntlet)
 32892 | Gauntlet | Got a scorched crystal amulet
 32893 | Gauntlet | Identified the amulet "Fuijal" {Spirit *Corrode Int+7} (You
                  | found it in a Gauntlet)
 33968 | Elf:1    | Entered Level 1 of the Elven Halls
 34747 | Elf:1    | Noticed Nikola
 34764 | Elf:1    | Killed Nikola
 34852 | Elf:1    | Noticed Azrael
 34885 | Elf:1    | Killed Azrael
 35055 | Elf:1    | Reached XP level 17. HP: 135/135 MP: 32/32
 35335 | Elf:2    | Found Ciqucvukh's Food Shoppe.
 36770 | Elf:2    | Found a runed translucent door.
 36800 | Elf:2    | Found a runed translucent door.
 36834 | Elf:2    | Noticed a deep elf blademaster
 36879 | Elf:2    | Killed a deep elf blademaster
 37954 | Elf:3    | Entered Level 3 of the Elven Halls
 38290 | Elf:3    | Noticed an Executioner
 38290 | Elf:3    | Noticed a deep elf blademaster
 38290 | Elf:3    | Noticed a deep elf master archer
 38433 | Elf:3    | Killed a deep elf master archer
 38457 | Elf:3    | Noticed an Executioner
 38469 | Elf:3    | Reached skill level 10 in Conjurations
 38469 | Elf:3    | Reached skill level 10 in Hexes
 38469 | Elf:3    | Reached skill level 10 in Charms
 38469 | Elf:3    | Reached skill level 10 in Summonings
 38469 | Elf:3    | Reached skill level 10 in Necromancy
 38469 | Elf:3    | Reached skill level 10 in Translocations
 38469 | Elf:3    | Reached skill level 10 in Transmutations
 38469 | Elf:3    | Reached skill level 10 in Fire Magic
 38469 | Elf:3    | Reached skill level 10 in Ice Magic
 38469 | Elf:3    | Reached skill level 10 in Air Magic
 38469 | Elf:3    | Reached skill level 10 in Earth Magic
 38469 | Elf:3    | Reached skill level 10 in Poison Magic
 38881 | Elf:3    | Reached XP level 18. HP: 143/143 MP: 33/33
 38893 | Elf:3    | Gained mutation: Your magical capacity is low. (-10% MP) [a
                  | neqoxec]
 38894 | Elf:3    | Noticed a Hell Sentinel
 38972 | Elf:3    | Noticed an Ice Fiend
 39960 | Elf:3    | Noticed a deep elf master archer
 39962 | Elf:3    | Killed a deep elf master archer
 40016 | Elf:3    | Identified the +7 short sword of the Eight Hells {freeze,
                  | MR- Str+4 Dex+6}
 40016 | Elf:3    | Identified the amulet "Nubamp" {Gourm rPois Int+3 Dex+4}
 40029 | Elf:3    | Identified the +3 mace of Peril {antimagic, rElec rPois rF-
                  | Str+4}
 40778 | Elf:3    | Identified the +2 ring mail of Sin {rElec Regen+ Dex+2}
 40778 | Elf:3    | Noticed a deep elf blademaster
 40817 | Elf:2    | Killed a deep elf blademaster
 41166 | Elf:3    | Identified the cursed +1 robe of Birdsong {+Fly MR- Dex+4}
 41619 | Elf:3    | HP: 1/143 [deep elf death mage/bolt of negative energy
                  | (18)]
 41623 | Elf:3    | Killed from afar by a ghostly deep elf death mage

Skill      XL: |  1  2  3  4  5  6  7  8  9 10 11 12 13 14 15 16 17 |
---------------+----------------------------------------------------+-----
Invocations    | 1 2 3 4 5 6 7 8 9 10 11 12 | 12.9
Short Blades   | 1 2 3 4 5 6 7 8 9 10 11 | 11.9
Axes           | 1 2 3 4 5 6 7 8 9 10 11 | 11.9
Maces & Flails | 1 2 3 4 5 6 7 8 9 10 11 | 11.9
Polearms       | 1 2 3 4 5 6 7 8 9 10 11 | 11.9
Staves         | 1 2 3 4 5 6 7 8 9 10 11 | 11.9
Slings         | 1 2 3 4 5 6 7 8 9 10 11 | 11.9
Bows           | 1 2 3 4 5 6 7 8 9 10 11 | 11.9
Crossbows      | 1 2 3 4 5 6 7 8 9 10 11 | 11.9
Throwing       | 1 2 3 4 5 6 7 8 9 10 11 | 11.9
Dodging        | 1 2 3 4 5 6 7 8 9 10 11 | 11.9
Stealth        | 1 2 3 4 5 6 7 8 9 10 11 | 11.9
Unarmed Combat | 1 2 3 4 5 6 7 8 9 10 11 | 11.9
Spellcasting   | 1 2 3 4 5 6 7 8 9 10 11 | 11.9
Evocations     | 1 2 3 4 5 6 7 8 9 10 11 | 11.9
Conjurations   | 1 2 3 4 5 6 7 8 9 10 | 10.2
Hexes          | 1 2 3 4 5 6 7 8 9 10 | 10.2
Charms         | 1 2 3 4 5 6 7 8 9 10 | 10.2
Summonings     | 1 2 3 4 5 6 7 8 9 10 | 10.2
Necromancy     | 1 2 3 4 5 6 7 8 9 10 | 10.2
Translocations | 1 2 3 4 5 6 7 8 9 10 | 10.2
Transmutations | 1 2 3 4 5 6 7 8 9 10 | 10.2
Fire Magic     | 1 2 3 4 5 6 7 8 9 10 | 10.2
Ice Magic      | 1 2 3 4 5 6 7 8 9 10 | 10.2
Air Magic      | 1 2 3 4 5 6 7 8 9 10 | 10.2
Earth Magic    | 1 2 3 4 5 6 7 8 9 10 | 10.2
Poison Magic   | 1 2 3 4 5 6 7 8 9 10 | 10.2
Long Blades    | 5 6 7 8 9 10 11 12 | 12.7
Fighting       | 7 8 9 10 11 12 13 | 13.3
Armour         | 7 8 9 10 11 12 13 | 13.3
Shields        | 7 8 9 10 11 12 13 | 13.3

Action                   |  1- 3 |  4- 6 |  7- 9 | 10-12 | 13-15 | 16-18 || total
-------------------------+-------+-------+-------+-------+-------+-------++-------
Melee: Long sword        |    26 |       |       |    17 |       |       ||    43
       Short sword       |    35 |   307 |   641 |   900 |       |       ||  1883
       Bite              |     6 |    41 |    92 |   158 |   197 |   127 ||   621
       War axe           |       |       |       |    64 |  1359 |   939 ||  2362
       Scimitar          |       |       |       |       |     7 |       ||     7
 Fire: Blowgun           |       |       |       |     3 |       |       ||     3
       Arbalest          |       |       |       |    23 |       |       ||    23
Throw: Throwing net      |       |       |       |       |     1 |       ||     1
       Javelin           |       |       |       |       |       |   120 ||   120
Invok: Call Merchant     |       |       |       |       |     2 |       ||     2
Evoke: Wand              |       |       |     9 |    43 |    30 |     4 ||    86
       Phial of floods   |       |       |       |     1 |     4 |     3 ||     8
       Sack of spiders   |       |       |       |       |     1 |       ||     1
       Lamp of fire      |       |       |       |       |       |     2 ||     2
  Use: Potion            |       |     1 |     1 |     2 |     7 |     7 ||    18
       Scroll            |       |       |    10 |     7 |     6 |     9 ||    32
 Stab: Invisible         |       |       |     2 |       |     5 |       ||     7
       Distracted        |       |       |       |     8 |    11 |    11 ||    30
       Sleeping          |       |       |       |       |     1 |     1 ||     2
       Confused          |       |       |       |       |     1 |       ||     1
       Held in net/web   |       |       |       |       |     1 |       ||     1
  Eat: Chunk             |       |     4 |       |       |       |       ||     4
       Ration            |       |     2 |     5 |    10 |    14 |    11 ||    42
Armor: Scale mail        |    17 |    61 |   104 |   184 |       |       ||   366
       Chain mail        |       |       |       |    59 |   373 |   197 ||   629
Dodge: Dodged            |     8 |    74 |   170 |   347 |   448 |   173 ||  1220
Block: Shield            |    23 |   125 |   259 |   654 |   923 |       ||  1984
       Reflection        |       |       |       |     8 |    30 |   116 ||   154
       Large shield      |       |       |       |       |   383 |  1280 ||  1663
       Rpst.: Long sword |       |       |       |     2 |       |       ||     2
